 Dungeon Crawl Stone Soup version 0.21-a0-404-g291f19a (webtiles) character file.

122133 zxpr0jk the Nimble (level 16, -3/117 HPs)
             Began as a Vampire Gladiator on Oct 28, 2017.
             Was the Champion of Cheibriados.
             Shot with a bolt by a naga sharpshooter (27 damage)
             ... on level 3 of the Snake Pit.
             The game lasted 02:11:03 (22453 turns).

zxpr0jk the Nimble (Vampire Gladiator)             Turns: 22453, Time: 02:11:04

Health: -3/117     AC: 10    Str: 42    XL:     16   Next: 34%
Magic:  0/34       EV: 27    Int: 30    God:    Cheibriados [******]
Gold:   2594       SH: 22    Dex: 40    Spells: 2/27 levels left

rFire    + . .     SeeInvis +   h - +4 scimitar (flame)
rCold    + . .     Gourm    .   p - +0 large shield
rNeg     . . .     Faith    .   Y - +1 robe "Misas" {Str+7}
rPois    +         Spirit   +   k - +2 helmet of Omission {rPois Regen+ Dex+7}
rElec    .         Reflect  .   m - +0 cloak
rCorr    .         Harm     .   R - +0 pair of gloves
MR       +....                  u - +0 pair of boots
Stlth    +++++.....             s - amulet of guardian spirit
HPRegen  0.89/turn              l - ring of protection from cold
MPRegen  0.24/turn              c - ring of magical power

@: mighty, regenerating quickly, very slow
A: fangs 3, see invisible, agile 1, fire resistance 1, unbreathing
a: Bend Time, Temporal Distortion, Slouch, Step From Time, Renounce Religion


You were on level 3 of the Snake Pit.
You worshipped Cheibriados.
Cheibriados was exalted by your worship.
You were almost alive.

You visited 4 branches of the dungeon, and saw 25 of its levels.
You also visited: Ice Cave.

You collected 3412 gold pieces.
You spent 818 gold pieces at shops.

Inventory:

Hand Weapons
 a - a +0 scimitar of venom
 h - a +4 scimitar of flaming (weapon)
 y - the +8 hand crossbow of the Aged Tales {penet, rElec rF- Int+7}
   (You found it on level 14 of the Dungeon)

   Ammo fired by it will pass through the targets it hits, potentially hitting
   all targets in its path until it reaches maximum range.
   It affects your intelligence (+7).
   It makes you vulnerable to fire.
   It insulates you from electricity.
Missiles
 E - 131 bolts
Armour
 k - the +2 helmet of Omission (worn) {rPois Regen+ Dex+7}
   (You found it on level 7 of the Dungeon)

   It affects your dexterity (+7).
   It protects you from poison.
   It increases your rate of regeneration.
 m - a +0 cloak (worn)
 p - a +0 large shield (worn)
 u - a +0 pair of boots (worn)
 R - a +0 pair of gloves (worn)
 Y - the +1 robe "Misas" (worn) {Str+7}
   (You bought it in a shop on level 13 of the Dungeon)

   It affects your strength (+7).
Jewellery
 c - a ring of magical power (right hand)
 l - a ring of protection from cold (left hand)
 s - an amulet of guardian spirit (around neck)
 t - an uncursed ring of protection from magic {unknown}
 B - a +2 amulet of reflection {unknown}
Wands
 f - a wand of iceblast (2/15)
 j - a wand of paralysis (10/24)
 w - a wand of disintegration (6/24)
 G - a wand of disintegration (9/24)
 Q - a wand of digging (19/24)
Scrolls
 b - a scroll of silence
 d - 10 scrolls of teleportation
 g - 12 scrolls of remove curse
 o - 2 scrolls of fog
 v - a scroll of enchant weapon
 z - 3 scrolls of vulnerability
 C - 2 scrolls of identify
 J - 3 scrolls of magic mapping
 M - a scroll of immolation
 T - 4 scrolls of fear
Potions
 e - 16 potions of blood
 i - 11 potions of flight
 n - 3 potions of resistance
 r - 4 potions of brilliance
 A - a potion of might
 D - 10 potions of curing
 H - a potion of cancellation
Books
 x - a book of Fire

   Spells                             Type                      Level
   a - Ignite Poison                  Fire/Transmutation/Poison    3
   b - Fireball                       Conjuration/Fire             5
   c - Bolt of Fire                   Conjuration/Fire             6
   d - Ring of Flames                 Charms/Fire                  7
   e - Ignition                       Fire                         8


   Skills:
 - Level 8.0 Fighting
 - Level 10.8 Long Blades
   Level 8.0 Axes
 - Level 12.1 Crossbows
 - Level 1.5 Throwing
 * Level 6.0 Armour
 + Level 13.3 Dodging
 - Level 5.4 Stealth
 + Level 7.0 Shields
 - Level 6.2 Spellcasting
 - Level 5.4 Transmutations
 - Level 8.0 Invocations
 - Level 5.6 Evocations


You had 2 spell levels left.
You knew the following spells:

 Your Spells              Type           Power        Failure   Level  Hunger
a - Spider Form           Tmut/Pois      ####......   45%         3    None
b - Ice Form              Ice/Tmut       ####....     86%         4    ###....
c - Blink                 Tloc           N/A          63%         2    None
d - Mephitic Cloud        Conj/Pois/Air  #.......     85%         3    None
e - Iskenderun's Battles  Conj/Chrm      #.......     100%        5    #####..
f - Magic Dart            Conj           #...         47%         1    None
g - Spellforged Servitor  Conj/Summ      #.........   100%        7    #######


Dungeon Overview and Level Annotations

Branches:
Dungeon (14/15)            Temple (0/1) D:6            Lair (6/6) D:8
  Swamp (0/4) Lair:4        Snake (3/4) Lair:3        Slime (0/5) Lair:5
    Orc (2/2) D:11            Elf (0/3) Orc:2
 Vaults: D:13-14

Altars:
Cheibriados
Hepliaklqana
Kikubaaqudgha
Okawaru
Ru
Beogh
Jiyva

Shops:
D:7 %   D:13 [   Orc:2 [:(*   Snake:2 [

Annotations:
D:6 exclusion: oklob plant


Innate Abilities, Weirdness & Mutations

Your natural rate of healing is unusually fast.
You have razor-sharp teeth.
You have supernaturally acute eyesight. (SInv)
You can survive without breathing.
You are agile. (Dex +2)
Your flesh is heat resistant. (rF+)


Message History

Your Armour skill increases to level 6!
The naga sharpshooter gestures wildly while chanting.
The naga sharpshooter magically shoots a bolt.
You block the bolt.
The naga sharpshooter shoots an arrow.
The arrow closely misses you.
The naga sharpshooter spits poison at you.
The splash of poison hits you! You resist.
* * * LOW HITPOINT WARNING * * *
Unknown command.
Okay, then.
Yummy - fresh blood!
The naga sharpshooter shoots an arrow.
You block the arrow.
The naga sharpshooter spits poison at you.
You block the splash of poison.
The naga sharpshooter shoots an arrow.
The arrow hits you.
* * * LOW HITPOINT WARNING * * *
The naga sharpshooter casts a spell.
The naga sharpshooter magically shoots a bolt.
The bolt hits you!!
You die...

....#.###...#
......#.....
#.#..#....
#..#.....##
#.........####
..#.............
.......)N(......
#(.)@N(..#
......)NN####
....>......
....(###.###
####. ... # ....
N.$. #..#..


You could see 4 naga sharpshooters.

Vanquished Creatures
  Vashnia (Snake:2)
  Kirke (Snake:1)
  Donald (Orc:1)
  Louise (Snake:1)
  2 orc warlords
  A white draconian (IceCv)
  A fire dragon (Lair:6)
  3 naga warriors
  8 hydras
  Harold (D:11)
  6 anacondas
  A catoblepas (Lair:6)
  A centaur warrior (D:14)
  Erica (D:8)
  5 death yaks
  2 two-headed ogres
  Urug (Orc:2)
  2 tengu warriors (D:13)
  An orc high priest (Orc:2)
  8 naga sharpshooters
  3 shock serpents (Snake:2)
  Nergalle (Lair:1)
  3 unseen horrors
  8 skeletal warriors
  A wizard (D:14)
  3 naga ritualists (Snake:2)
  2 lindwurms (Lair:6)
  A wolf spider zombie (D:13)
  4 oklob plants (Lair:1)
  Pikel (D:7)
  2 deep elf magi
  2 orc knights (Orc:2)
  2 mana vipers (Snake:2)
  5 orc sorcerers
  Maurice (D:11)
  A cyclops (Orc:2)
  2 manticores
  5 elephants (Lair:4)
  An ice statue (IceCv)
  A salamander (Snake:2)
  7 spiny frogs
  Joseph (Lair:1)
  2 guardian serpents
  3 naga magi
  18 black mambas
  6 torpor snails (Lair:6)
  3 gargoyles
  2 rime drakes
  A tengu conjurer (D:13)
  8 komodo dragons
  3 tyrant leeches (Lair:6)
  5 trolls
  22 polar bears
  6 hornets (Lair:6)
  A raiju (Lair:6)
  15 blink frogs
  6 hippogriffs
  7 dream sheep (Lair:4)
  2 slime creatures
  Eustachio (D:4)
  A wraith (D:13)
  A wyvern (D:11)
  Sigmund (D:2)
  6 hogs (Snake:1)
  3 basilisks
  4 fire bats (D:10)
  56 yaks
  A hungry ghost (D:7)
  A steam dragon (Lair:2)
  3 vampire mosquitoes
  7 wargs
  15 nagas
  18 water moccasins
  A floating eye (shapeshifter) (D:14)
  Duvessa (D:4)
  17 hell hounds
  7 porcupines
  13 ice beasts
  33 orc warriors
  4 sky beasts
  11 black bears (Lair:6)
  A hornet zombie (D:10)
  16 ogres
  4 necrophages
  35 wolves
  The ghost of FerrousOx the Changer, an amateur DrTm (D:3)
  12 centaurs
  7 crocodiles
  2 big kobolds
  A gnoll sergeant (D:9)
  15 bullfrogs
  A wyvern zombie (D:13)
  Dowan (D:4)
  A water moccasin zombie (D:7)
  A wyvern skeleton (D:13)
  2 scorpions
  14 killer bees
  An electric eel (D:8)
  8 wights
  7 howler monkeys
  8 crimson imps
  2 lava snakes (D:10)
  A quasit (D:11)
  A centaur zombie (D:5)
  4 hounds
  2 human zombies (D:8)
  10 jellies
  16 orc priests
  29 orc wizards
  5 bullfrog skeletons
  4 centaur skeletons
  Jessica (D:3)
  2 human skeletons (D:8)
  An iguana (D:9)
  12 worker ants
  A hound skeleton (D:8)
  3 mummies (D:8)
  A worker ant zombie (D:9)
  10 gnolls
  17 adders
  A river rat (Lair:6)
  A shadow imp (D:9)
  9 oozes (D:6)
  2 adder skeletons
  5 worms
  3 dart slugs
  13 leopard geckos
  79 orcs
  5 bats
  5 giant cockroaches
  9 goblins
  7 hobgoblins
  14 jackals
  17 kobolds
  A quokka (D:7)
  8 ball pythons
  7 frilled lizards
  An orc skeleton (D:8)
  An orc zombie (D:8)
  11 rats
  3 fire vortices (D:10)
  3 plants
885 creatures vanquished.

Vanquished Creatures (others)
  A polar bear (IceCv)
  3 yaks (IceCv)
  A basilisk (D:14)
  A vampire mosquito (D:8)
  2 slaves
  An ogre (D:7)
  A jelly (D:14)
  An iguana (D:7)
  A leopard gecko (D:7)
  A quokka (D:7)
  10 fungi
  20 plants
43 creatures vanquished.

Grand Total: 928 creatures vanquished

Notes
Turn   | Place    | Note
-------+----------+-------------------------------------------
     0 | D:1      | zxpr0jk the Vampire Gladiator began the quest for the Orb.
     0 | D:1      | Reached XP level 1. HP: 16/16 MP: 1/1
    43 | D:1      | Reached XP level 2. HP: 16/22 MP: 2/2
   322 | D:1      | Reached XP level 3. HP: 15/27 MP: 3/3
   448 | D:1      | Reached skill level 4 in Dodging
  1008 | D:2      | Reached XP level 4. HP: 22/34 MP: 4/4
  1173 | D:2      | Noticed Sigmund
  1180 | D:2      | Killed Sigmund
  1180 | D:2      | Reached skill level 5 in Dodging
  1180 | D:2      | Reached XP level 5. HP: 33/41 MP: 3/5
  1203 | D:2      | Reached XP level 6. HP: 45/47 MP: 6/6
  1618 | D:3      | Noticed Jessica
  1619 | D:3      | Reached skill level 5 in Long Blades
  1629 | D:3      | Killed Jessica
  1656 | D:3      | Noticed FerrousOx's ghost (amateur DrTm)
  1696 | D:3      | Killed FerrousOx's ghost
  2319 | D:4      | Noticed Eustachio
  2563 | D:4      | Reached skill level 6 in Dodging
  2579 | D:4      | Reached XP level 7. HP: 36/52 MP: 5/7
  2847 | D:5      | Entered Level 5 of the Dungeon
  2908 | D:4      | Killed Eustachio
  3019 | D:4      | Noticed Dowan
  3024 | D:4      | Noticed Duvessa
  3039 | D:4      | Killed Duvessa
  3046 | D:4      | Killed Dowan
  3046 | D:4      | Reached skill level 7 in Dodging
  3110 | D:4      | Found a snail-covered altar of Cheibriados.
  3115 | D:4      | Became a worshipper of Cheibriados the Contemplative
  3233 | D:4      | Reached XP level 8. HP: 60/60 MP: 8/8
  3504 | D:5      | Reached * piety under Cheibriados
  3669 | D:5      | Reached skill level 8 in Dodging
  3971 | D:6      | Found a staircase to the Ecumenical Temple.
  4173 | D:6      | Reached skill level 5 in Fighting
  4194 | D:6      | Reached XP level 9. HP: 59/68 MP: 9/9
  4389 | D:6      | Reached skill level 9 in Dodging
  4429 | D:6      | Reached ** piety under Cheibriados
  4571 | D:6      | Noticed an oklob plant
  4983 | D:7      | Reached skill level 10 in Dodging
  5023 | D:7      | Reached *** piety under Cheibriados
  5057 | D:7      | Found a hazy altar of Hepliaklqana.
  5103 | D:7      | Got a smoking helmet
  5110 | D:7      | Noticed Pikel
  5122 | D:7      | Killed Pikel
  5122 | D:7      | Reached XP level 10. HP: 73/76 MP: 10/10
  5134 | D:7      | Identified the +2 helmet of Omission {rPois Regen+ Dex+7} (You found it on level 7 of the Dungeon)
  5162 | D:7      | Found Woluhila's Food Boutique.
  5736 | D:7      | Reached **** piety under Cheibriados
  5736 | D:7      | Reached skill level 10 in Long Blades
  5799 | D:8      | Noticed Erica
  5810 | D:8      | Killed Erica
  5810 | D:8      | Reached skill level 11 in Dodging
  5835 | D:8      | Found a staircase to the Lair.
  5960 | D:8      | Noticed a deep elf mage
  5970 | D:8      | Killed a deep elf mage
  6091 | D:8      | Learned a level 3 spell: Spider Form
  6096 | D:8      | Learned a level 4 spell: Ice Form
  6098 | D:8      | Learned a level 1 spell: Beastly Appendage
  6152 | D:8      | Reached ***** piety under Cheibriados
  6153 | D:8      | Found an ancient bone altar of Kikubaaqudgha.
  6300 | D:8      | Reached skill level 1 in Stealth
  6300 | D:8      | Reached skill level 1 in Transmutations
  6492 | D:8      | Found a hazy altar of Hepliaklqana.
  6553 | D:8      | Reached skill level 1 in Spellcasting
  6643 | D:9      | Noticed a two-headed ogre
  6658 | D:9      | Killed a two-headed ogre
  6658 | D:9      | Reached XP level 11. HP: 70/84 MP: 13/13
  6798 | D:9      | Found an iron altar of Okawaru.
  7029 | D:9      | Found an ancient bone altar of Kikubaaqudgha.
  7413 | D:10     | Entered Level 10 of the Dungeon
  7556 | D:10     | Noticed a two-headed ogre
  7563 | D:10     | Killed a two-headed ogre
  7576 | D:10     | Reached skill level 5 in Transmutations
  7577 | D:10     | Reached skill level 5 in Stealth
  7583 | D:10     | Got a pitted war axe
  7584 | D:10     | Identified the +6 war axe "Impslayer" {chop, rN+ MP+9} (You found it on level 10 of the Dungeon)
  7699 | D:10     | Reached skill level 1 in Axes
  8383 | D:11     | Noticed an unseen horror
  8396 | D:11     | Reached ****** piety under Cheibriados
  8397 | D:11     | Killed an unseen horror
  8508 | D:11     | Noticed a skeletal warrior
  8508 | D:11     | Noticed a skeletal warrior
  8509 | D:11     | Noticed a skeletal warrior
  8509 | D:11     | Noticed a skeletal warrior
  8509 | D:11     | Noticed a skeletal warrior
  8524 | D:11     | Killed a skeletal warrior
  8529 | D:11     | Killed a skeletal warrior
  8529 | D:11     | Reached skill level 5 in Axes
  8530 | D:11     | HP: 2/84 [skeletal warrior/long sword[a skeletal warrior] (17)]
  8536 | D:11     | Noticed Maurice
  8546 | D:11     | Killed Maurice
  8769 | D:11     | Reached skill level 1 in Evocations
  8813 | D:11     | Killed a skeletal warrior
  8909 | D:11     | Found a staircase to the Orcish Mines.
  9089 | D:11     | Killed a skeletal warrior
  9184 | D:11     | Reached XP level 12. HP: 91/91 MP: 16/16
  9203 | D:11     | Noticed Harold
  9215 | D:11     | Killed Harold
  9763 | D:12     | Noticed a four-headed hydra
  9775 | D:12     | Killed a one-headed hydra
  9775 | D:12     | Reached skill level 5 in Evocations
 10008 | D:13     | Found Muceer's Antique Armour Emporium.
 10018 | D:13     | Bought a faintly humming robe for 142 gold pieces
 10018 | D:13     | Bought a glowing buckler for 187 gold pieces
 10018 | D:13     | Identified the +1 robe "Misas" {Str+7} (You bought it in a shop on level 13 of the Dungeon)
 10090 | D:13     | Noticed a tengu warrior
 10092 | D:13     | Reached skill level 1 in Shields
 10096 | D:13     | Killed a tengu warrior
 10270 | D:13     | Reached skill level 5 in Shields
 10370 | D:14     | Noticed a four-headed hydra
 10376 | D:14     | Noticed a tengu warrior
 10381 | D:13     | Killed a two-headed hydra
 10402 | D:13     | Killed a tengu warrior
 10442 | D:14     | Noticed a centaur warrior
 10452 | D:14     | Reached XP level 13. HP: 65/96 MP: 19/19
 10494 | D:14     | Reached skill level 12 in Dodging
 10506 | D:14     | Reached skill level 5 in Spellcasting
 10555 | D:14     | Got a scorched hand crossbow
 10564 | D:14     | Identified the +8 hand crossbow of the Aged Tales {penet, rElec rF- Int+7} (You found it on level 14 of the Dungeon)
 10797 | Lair:1   | Entered Level 1 of the Lair of Beasts
 10845 | Lair:1   | Noticed Joseph
 10853 | Lair:1   | Killed Joseph
 10861 | Lair:1   | Learned a level 3 spell: Mephitic Cloud
 11174 | Lair:1   | Reached skill level 1 in Crossbows
 11214 | Lair:1   | Got an agate-encrusted scale mail
 11235 | Lair:1   | Identified the +0 scale mail "Royzalex" {MR- Dex+3 Slay+2 SInv} (You found it on level 1 of the Lair of Beasts)
 11469 | Lair:1   | Noticed Nergalle
 11476 | Lair:1   | Killed Nergalle
 12247 | Lair:2   | Found a sacrificial altar of Ru.
 12773 | Lair:3   | Reached skill level 5 in Crossbows
 13122 | Lair:3   | Got a fine robe
 13123 | Lair:3   | Identified the +1 robe of Prudence {rC+ Str+3} (You found it on level 3 of the Lair of Beasts)
 13128 | Lair:3   | Found a staircase to the Snake Pit.
 13605 | Lair:4   | Reached XP level 14. HP: 100/105 MP: 23/23
 13977 | Lair:4   | Found a staircase to the Swamp.
 14284 | Lair:5   | Learned a level 2 spell: Blink
 14290 | Lair:5   | Learned a level 5 spell: Iskenderun's Battlesphere
 14292 | Lair:5   | Learned a level 1 spell: Magic Dart
 14300 | Lair:5   | Learned a level 7 spell: Spellforged Servitor
 14618 | Lair:5   | Found a viscous altar of Jiyva.
 14618 | Lair:5   | Found a staircase to the Slime Pits.
 14789 | Lair:6   | Entered Level 6 of the Lair of Beasts
 14982 | Lair:6   | Reached skill level 10 in Crossbows
 15635 | Lair:6   | Found a runed door.
 16124 | Lair:6   | Reached XP level 15. HP: 80/110 MP: 23/24
 16297 | Lair:1   | Identified a scroll of acquirement
 16331 | Lair:1   | Gained mutation: You are partially covered in molten scales. (AC +2) [potion of mutation]
 16331 | Lair:1   | Gained mutation: Your muscles are strong. (Str +2) [potion of mutation]
 16332 | Lair:1   | Lost mutation: Your muscles are strong. (Str +2) [potion of mutation]
 16332 | Lair:1   | Lost mutation: You are partially covered in molten scales. (AC +2) [potion of mutation]
 16332 | Lair:1   | Gained mutation: Your spells are a little harder to cast, but a little more powerful. [potion of mutation]
 16332 | Lair:1   | Gained mutation: You are agile. (Dex +2) [potion of mutation]
 16332 | Lair:1   | Lost mutation: Your spells are a little harder to cast, but a little more powerful. [potion of mutation]
 16332 | Lair:1   | Gained mutation: Your flesh is heat resistant. (rF+) [potion of mutation]
 16470 | Orc:1    | Entered Level 1 of the Orcish Mines
 16545 | Orc:2    | Entered Level 2 of the Orcish Mines
 16588 | Orc:2    | Noticed Donald
 16637 | Orc:1    | Killed Donald
 16773 | Orc:1    | Found a frozen archway.
 16784 | IceCv    | Entered an ice cave
 16944 | IceCv    | Identified the Catalogue of the Blaze and Feathers
 17371 | IceCv    | Reached skill level 5 in Invocations
 17878 | IceCv    | Identified the Collected Works on the Glacier and Air
 18348 | Orc:1    | Noticed an orc warlord
 18380 | Orc:1    | Killed an orc warlord
 18685 | Orc:2    | Found a staircase to the Elven Halls.
 18901 | Orc:2    | Noticed an orc warlord
 18927 | Orc:2    | Killed an orc warlord
 19072 | Orc:2    | Noticed Urug
 19075 | Orc:2    | Found a roughly hewn altar of Beogh.
 19079 | Orc:2    | Found Hener's Antique Armour Emporium.
 19097 | Orc:2    | Killed Urug
 19101 | Orc:2    | Found Peli's Book Emporium.
 19129 | Orc:2    | Found Ogasaa's Antique Weapon Emporium.
 19147 | Orc:2    | Bought a crude whip for 157 gold pieces
 19493 | Orc:2    | Found Teugics's General Store.
 19514 | Orc:2    | Identified the cursed +0 whip of Ingec {elec, +Inv rPois rC- MR+} (You bought it in a shop on level 2 of the Orcish Mines)
 19780 | Snake:1  | Entered Level 1 of the Snake Pit
 19814 | Snake:1  | Reached skill level 1 in Armour
 20275 | Snake:1  | Noticed Kirke
 20289 | Snake:1  | Killed Kirke
 20394 | Snake:1  | Noticed Louise
 20409 | Snake:1  | Killed Louise
 20971 | Snake:2  | Got a polished leather armour
 20972 | Snake:2  | Identified the +5 leather armour of Miracles {SInv Stlth+} (You found it on level 2 of the Snake Pit)
 21036 | Snake:2  | Found Wynaez's Antique Armour Boutique.
 21044 | Snake:2  | Bought a faintly glowing helmet for 332 gold pieces
 21117 | Snake:2  | Identified the +0 helmet of Hospitality {rElec Str-2 Stlth+} (You bought it in a shop on level 2 of the Snake Pit)
 21414 | Snake:2  | Reached XP level 16. HP: 107/117 MP: 25/25
 21450 | Snake:2  | Noticed Vashnia
 21461 | Snake:2  | Reached skill level 13 in Dodging
 21481 | Snake:2  | Killed Vashnia
 21481 | Snake:2  | Reached skill level 5 in Armour
 22453 | Snake:3  | Shot with a bolt by a naga sharpshooter

Vault maps used:
D:1:      dpeg_arrival_orchard
D:2:      minmay_snake_closets, uniq_sigmund
D:3:      st_stairs_9, minmay_fountain_box, kennysheep_generic_room_4,
          uniq_jessica
D:4:      marbit_many_paths, first_bread, uniq_duvessa, uniq_eustachio
D:6:      lemuel_slime, minmay_temple_entry_junction
D:7:      lemuel_crystal_altar, serial_shops, shop_statue, uniq_pikel
D:8:      lemuel_mausoleum_altar_kikubaaqudgha, blue_anna_alchemist,
          david_defended_altar_elf, uniq_erica
D:9:      old_standard_altar, basic_altar
D:10:     hangedman_incinerator
D:11:     david_orc_1_choice, minmay_misc_feat_encased, uniq_harold,
          uniq_maurice
D:12:     hangedman_abyss_or_decor_lesser_grid
D:13:     serial_glass, glass_columns_b, glass_columns_c, serial_shops, shop,
          spider_trap
D:14:     david_vaults_1, serial_shops, nicolae_shop_behind_doors,
          palyth_stone_intersect
Lair:1:   minmay_lair_oklob_chamber, infiniplex_staircase_pool_2,
          grunt_megastairs_4, uniq_joseph, uniq_nergalle
Lair:2:   basic_altar
Lair:3:   guppyfry_snake_entry_garden
Lair:4:   swamp_mist, st_stairs_11, grunt_megastairs_2
Lair:5:   dpeg_slime_entry_enclosed_altar
Lair:6:   hangedman_lair_caniforms_friends, wormcave, pond, lemuel_fruit_tree
Snake:1:  uniq_kirke, uniq_louise
Snake:2:  serial_shops, shop, uniq_vashnia
Snake:3:  nicolae_snake_serpentine_hallways, spider_trap
Orc:1:    portal_ice_cave_entry_ice_beasts
Orc:2:    grunt_orc_cross, uniq_donald
IceCv:    ice_cave_caverns_02

Skill      XL: |  1  2  3  4  5  6  7  8  9 10 11 12 13 14 15 16 |
---------------+-------------------------------------------------+-----
Fighting       | 2 3 4 5 6 7 8 |  8.0
Dodging        | 4 5 6 7 8 10 11 12 13 | 13.3
Long Blades    | 4 5 6 8 9 10 | 10.8
Stealth        | 2 5 |  5.4
Transmutations | 2 5 |  5.4
Spellcasting   | 1 3 4 6 |  6.2
Axes           | 6 8 |  8.0
Evocations     | 3 5 |  5.6
Shields        | 5 6 7 |  7.0
Crossbows      | 7 12 | 12.1
Invocations    | 8 |  8.0
Armour         | 4 6 |  6.0
Throwing       | |  1.5

Action                   |  1- 3 |  4- 6 |  7- 9 | 10-12 | 13-15 | 16-18 || total
-------------------------+-------+-------+-------+-------+-------+-------++-------
Melee: Long sword        |    95 |   165 |   346 |    68 |       |       ||   674
       Bite              |    13 |    22 |    96 |   174 |   348 |    30 ||   683
       Scimitar          |       |       |    24 |   290 |  1154 |    86 ||  1554
       Short sword       |       |       |     2 |       |       |       ||     2
       War axe           |       |       |       |   216 |       |       ||   216
       Unarmed           |       |       |       |       |    25 |       ||    25
 Fire: Hand crossbow     |       |       |       |       |   112 |    18 ||   130
Throw: Throwing net      |       |     5 |     2 |       |       |       ||     7
 Cast: Spider Form       |       |       |       |     1 |     2 |       ||     3
       Mephitic Cloud    |       |       |       |       |     6 |       ||     6
       Ice Form          |       |       |       |       |     6 |       ||     6
Invok: Slouch            |       |       |       |       |     2 |     1 ||     3
       Temporal Distorti |       |       |       |       |       |     1 ||     1
 Abil: End Transformatio |       |       |       |       |     2 |       ||     2
Evoke: Wand              |       |       |     8 |     1 |     6 |     5 ||    20
  Use: Scroll            |     3 |       |     9 |    16 |    20 |     1 ||    49
       Potion            |       |     7 |     4 |     5 |    30 |     3 ||    49
 Stab: Sleeping          |     1 |     1 |     1 |     9 |    26 |     2 ||    40
       Held in net/web   |       |     2 |       |       |       |       ||     2
       Distracted        |       |       |       |     4 |     6 |       ||    10
       Invisible         |       |       |       |     2 |    18 |       ||    20
       Paralysed         |       |       |       |       |     8 |       ||     8
  Eat: Corpse            |     9 |     7 |    11 |    16 |    27 |     3 ||    73
Armor: Leather armour    |    29 |    29 |    91 |    19 |       |       ||   168
       Robe              |     1 |       |       |     8 |    77 |     6 ||    92
       Scale mail        |       |       |       |    67 |       |       ||    67
       Skin              |       |       |       |       |     5 |       ||     5
Dodge: Dodged            |    78 |   175 |   348 |   747 |  1175 |   101 ||  2624
Block: Buckler           |       |       |       |    71 |   527 |       ||   598
       Large shield      |       |       |       |       |   223 |   165 ||   388
       Shield            |       |       |       |       |    96 |       ||    96
       Rpst.: Long sword |    31 |    57 |    92 |    33 |       |       ||   213
       Scimitar          |       |       |     9 |    99 |   290 |    14 ||   412

Table legend:
 A = Spawn XP
 B = Non-spawn XP
 C = Spawn XP percentage of total XP
 D = Spawn monster count
 E = Non-spawn monster count
 F = Spawn count percentage of total count
 G = Total turns spent on level
                    A         B        C        D         E        F      G
               +---------+---------+-------+---------+---------+-------+---------
         Total |       0 |  174477 |   0.0 |       0 |     881 |   0.0 | 22453
               +---------+---------+-------+---------+---------+-------+---------
           D:1 |       0 |      60 |   0.0 |       0 |      33 |   0.0 |   621
           D:2 |       0 |     381 |   0.0 |       0 |      31 |   0.0 |  1113
           D:3 |       0 |     239 |   0.0 |       0 |      36 |   0.0 |   793
           D:4 |       0 |     760 |   0.0 |       0 |      17 |   0.0 |   769
           D:5 |       0 |     593 |   0.0 |       0 |      15 |   0.0 |   466
           D:6 |       0 |    1764 |   0.0 |       0 |      38 |   0.0 |  1083
           D:7 |       0 |    2609 |   0.0 |       0 |      38 |   0.0 |   909
           D:8 |       0 |    3903 |   0.0 |       0 |      45 |   0.0 |   913
           D:9 |       0 |    1578 |   0.0 |       0 |      23 |   0.0 |   926
          D:10 |       0 |    3980 |   0.0 |       0 |      34 |   0.0 |   987
          D:11 |       0 |    7965 |   0.0 |       0 |      35 |   0.0 |  1074
          D:12 |       0 |    3662 |   0.0 |       0 |      26 |   0.0 |   774
          D:13 |       0 |   10403 |   0.0 |       0 |      37 |   0.0 |   462
          D:14 |       0 |    4277 |   0.0 |       0 |      20 |   0.0 |   166
        Lair:1 |       0 |    8297 |   0.0 |       0 |      21 |   0.0 |  1158
        Lair:2 |       0 |    4805 |   0.0 |       0 |      20 |   0.0 |   910
        Lair:3 |       0 |    5291 |   0.0 |       0 |      27 |   0.0 |   779
        Lair:4 |       0 |    9497 |   0.0 |       0 |      32 |   0.0 |   782
        Lair:5 |       0 |    4345 |   0.0 |       0 |      16 |   0.0 |   557
        Lair:6 |       0 |   30473 |   0.0 |       0 |     118 |   0.0 |  1418
       Snake:1 |       0 |    8806 |   0.0 |       0 |      17 |   0.0 |  1097
       Snake:2 |       0 |   31744 |   0.0 |       0 |      46 |   0.0 |  1554
       Snake:3 |       0 |    1088 |   0.0 |       0 |       4 |   0.0 |    22
         Orc:1 |       0 |    7112 |   0.0 |       0 |      38 |   0.0 |   684
         Orc:2 |       0 |   10853 |   0.0 |       0 |      68 |   0.0 |  1068
         IceCv |       0 |    9992 |   0.0 |       0 |      46 |   0.0 |  1368
               +---------+---------+-------+---------+---------+-------+---------
